 Dungeon Crawl Stone Soup version 0.30.1-11-g7821555f0a (webtiles) character file.

Game seed: 10398541812374712088

163 Ijustatesigmund the Conjurer (level 5, -3/35 HPs)
             Began as an Octopode Conjurer on Jan 11, 2024.
             Slain by a scorpion (7 damage)
             ... on level 4 of the Dungeon.
             The game lasted 00:05:21 (3590 turns).

Ijustatesigmund the Conjurer (Octopode Conjurer)    Turns: 3590, Time: 00:05:21

Health: -3/35      AC:  1    Str:  4 (6)  XL:     5   Next: 44%
Magic:  3/9        EV: 13    Int: 19 (22) God:
Gold:   46         SH:  0    Dex:  8 (11) Spells: 7/10 levels left

rFire   . . .        c - +0 hand axe
rCold   . . .        (no shield)
rNeg    . . .        (helmet restricted)
rPois   .            (no amulet)
rElec   .            (no ring)
rCorr   .            (no ring)
SInv    .            (no ring)
Will    .....        (no ring)
Stlth   +++          (no ring)
HPRegen 0.25/turn    (no ring)
MPRegen 0.11/turn    (no ring)
                     (no ring)

%: no passive effects
@: brilliant, hasted, very quick
A: almost no armour, amphibious, 8 rings, camouflage 1, gelatinous body 1,
(nimble swimmer 1), tentacles
a: no special abilities


You were on level 4 of the Dungeon.
You visited 1 branch of the dungeon, and saw 4 of its levels.

You collected 115 gold pieces.
You spent 69 gold pieces at shops.

Inventory:

Hand Weapons
 c - a +0 hand axe (weapon)
Wands
 o - a wand of flame (3)
Scrolls
 b - a scroll of poison {unknown}
 e - a scroll of blinking
 f - a scroll of vulnerability
 i - a scroll of amnesia
 j - a scroll of identify {unknown}
 l - a scroll of noise {unknown}
 n - a scroll of fog {unknown}
 p - a scroll of magic mapping {unknown}
Potions
 a - 2 potions of magic
 g - a potion of might {unknown}
 k - a potion of brilliance
 m - a potion of heal wounds {unknown}


   Skills:
 + Level 2.6 Fighting
 - Level 2.0 Dodging
 - Level 2.6 Stealth
 + Level 3.3 Spellcasting
 + Level 5.0 Conjurations


You had 7 spell levels left.
You knew the following spells:

 Your Spells              Type           Power      Damage    Failure   Level
a - Magic Dart            Conj           100%       1d8       1%          1
b - Searing Ray           Conj           66%        2d6       2%          2

Your spell library contained the following spells:

 Spells                   Type           Power      Damage    Failure   Level
 Beastly Appendage        Tmut           8%         N/A       16%         1
 Sting                    Tmut/Pois      16%        1d3       16%         1
 Dazzling Flash           Conj/Hex       38%        N/A       16%         3
 Ensorcelled Hibernation  Hex/Ice        8%         N/A       22%         2
 Passwall                 Tmut/Erth      3%         N/A       22%         2
 Poisonous Vapours        Pois/Air       8%         N/A       22%         2
 Wereblood                Tmut           4%         N/A       22%         2
 Spider Form              Tmut/Pois      4%         N/A       41%         3
 Swiftness                Air            4%         N/A       41%         3
 Fulminant Prism          Conj/Hex       9%         3d7       45%         4
 Iskenderun's Mystic Bla  Conj/Tloc      19%        2d6       45%         4
 Olgreb's Toxic Radiance  Pois           4%         N/A       83%         4


Dungeon Overview and Level Annotations

Branches:
Dungeon (4/15)
 Temple: D:4-7

Altars:

Shops:
D:3 [:[*

Annotations:
D:2 1 runed translucent door, Crazy Yiuf
D:3 Grinder


Innate Abilities, Weirdness & Mutations

You cannot wear most types of armour.
You are amphibious.
You can wear up to eight rings at the same time.
Your skin changes colour to match your surroundings (Stealth+).
Your rubbery body absorbs attacks. (AC +1, EV +1)
((You are camouflaged when in or above water. (Stealth+)))
You have tentacles for arms and can constrict up to eight enemies at once.


Message History

The searing ray hits the scorpion.
The scorpion is lightly wounded. (Press . to maintain the ray.)
The searing ray hits the quokka.
The quokka is almost dead.
The searing ray misses the scorpion.
The searing ray hits the quokka!
You kill the quokka!
The searing ray misses the scorpion.
The searing ray hits the scorpion.
The scorpion is moderately wounded.
You finish channelling your searing ray.
The scorpion stings you.
Casting: Searing Ray (safe; 2% risk of failure)
Confirm with . or Enter, or press ? or * to list all spells.
Aiming: Searing Ray (safe; 2% risk of failure)
Press: ? - help, Shift-Dir - straight line, f/p - scorpion
Aim: a scorpion (moderately wounded, 78% to hit)
You miscast Searing Ray.
You are very lightly contaminated with residual magic.
Nothing appears to happen.
The scorpion stings you.
You are poisoned.
The scorpion poisons you! The scorpion stings you.
You feel very sick. The scorpion stings you.
You feel sick. The scorpion stings you.
It was a potion of brilliance.
You feel clever all of a sudden.
You feel sick. The scorpion stings you.
* * * LOW HITPOINT WARNING * * *
You feel yourself speed up.
You feel sick. The scorpion stings you.
* * * LOW HITPOINT WARNING * * *
You feel sick. The scorpion closely misses you.
You feel sick.
Your magical contamination has completely faded away.
You feel sick.
You feel sick.
You are no longer poisoned.
The scorpion stings you!
You die...

.... #.#.#...........#
.....####.....#####.....#
........#.....# #.^...#
.......†......# #.....#
.######.##....# #..)..#
..........# #.....####
###.##....# #.........
#.##...s######........
...+....@....<....####
..##....######....# ..
#....##........#
#######.####...#
#.#####+## ###.......#
#.......... #.#########
#.#


You could see a scorpion.

Vanquished Creatures
  An orc priest (D:4)
  An orc wizard (D:4)
  A gnoll (D:1)
  3 adders
  2 worms
  3 dart slugs
  2 orcs (D:3)
  2 ball pythons
  7 endoplasms
  5 giant cockroaches
  4 hobgoblins
  3 jackals (D:3)
  2 quokkas
  4 bats
  5 frilled lizards
  6 goblins
  A kobold (D:1)
  5 rats
57 creatures vanquished.

Notes
Turn   | Place    | Note
-------+----------+-------------------------------------------
     0 | D:1      | Ijustatesigmund the Octopode Conjurer began the quest for
                  | the Orb.
     0 | D:1      | Reached XP level 1. HP: 11/11 MP: 3/3
   139 | D:1      | Found a faded altar of an unknown god.
   183 | D:1      | Reached XP level 2. HP: 18/18 MP: 0/5
   186 | D:1      | Learned a level 2 spell: Searing Ray
   554 | D:1      | Reached skill level 1 in Fighting
   983 | D:1      | Reached XP level 3. HP: 17/23 MP: 0/6
  1590 | D:2      | Found a runed translucent door.
  1591 | D:2      | Noticed Crazy Yiuf
  1891 | D:2      | Reached XP level 4. HP: 29/29 MP: 0/8
  2793 | D:3      | Found Vuiqaif's Assorted Antiques.
  2828 | D:3      | Bought a fizzy clear potion for 22 gold pieces
  2828 | D:3      | Bought a scroll labelled GIROUSK CEAFRU for 25 gold pieces
  2828 | D:3      | Bought a coppery potion for 22 gold pieces
  2852 | D:3      | Found Nyteit's Antique Armour Emporium.
  3063 | D:3      | Found Keggomia's Book Shoppe.
  3077 | D:3      | Found Daucrog's Armour Emporium.
  3145 | D:3      | Noticed Grinder
  3364 | D:4      | Reached XP level 5. HP: 26/35 MP: 4/9
  3384 | D:4      | HP: 1/35 [something/puff of flame (5)]
  3386 | D:4      | Reached skill level 5 in Conjurations
  3590 | D:4      | Slain by a scorpion

Illustrated notes

Levels and vault maps discovered:
D:1:      beargit_arrival_greenhouse, layout_basic, serial_curves,
          eino_curves_02, eino_curves_01, eino_curves_02, basic_ecumenical_altar
D:2:      wad_lake_hut, layout_loops_cross, dreamdust_mushroom_princess,
          kennysheep_boxes, uniq_crazy_yiuf_cottage
D:3:      layout_rooms, serial_shops, nicolae_shop_advertising_works
          [nicolae_subvault_shop_adworks], nicolae_shop_peninsula, shop, shop,
          chequers_serial_rivers_small_a, kennysheep_generic_room_7,
          uniq_grinder, uniq_terence
D:4:      layout_basic, chequers_serial_rivers_marsh, grunt_ministairs_14,
          nicolae_shop_i_like_small_books_too, item_on_display_b, uniq_menkaure

Skill      XL: |  1  2  3  4  5 |
---------------+----------------+-----
Fighting       | 1 2 |  2.6
Spellcasting   | 3 |  3.3
Conjurations   | 5 |  5.0
Dodging        | |  2.0
Stealth        | |  2.6

Action                     |  1- 3 |  4- 6 || total
---------------------------+-------+-------++-------
  Melee: Hand axe          |     8 |    23 ||    31
         Tentacles         |     4 |     3 ||     7
         Constrict         |     2 |     2 ||     4
   Cast: Magic Dart        |    57 |    47 ||   104
         Searing Ray       |     3 |     4 ||     7
    Use: Scroll            |       |     3 ||     3
         Potion            |       |     4 ||     4
 Armour: Skin              |       |     3 ||     3
  Dodge: Dodged            |     6 |    12 ||    18
